 Dungeon Crawl Stone Soup version 0.26.1-11-gd32895ea62 (webtiles) character file.

Game seed: 2857675260438392334

10182 raphaelitos the Blocker (level 11, -2/84 HPs)
             Began as a Formicid Fighter on Apr 26, 2021.
             Was a High Priest of the Shining One.
             Slain by an orc knight
             ... wielding a +0 war axe
              (21 damage)
             ... on level 2 of the Orcish Mines.
             The game lasted 00:35:35 (11825 turns).

raphaelitos the Blocker (Formicid Fighter)         Turns: 11825, Time: 00:35:35

Health: -2/84      AC:  9    Str: 30    XL:     11   Next: 88%
Magic:  11/11      EV: 15    Int:  5    God:    the Shining One [*****.]
Gold:   91         SH: 16    Dex: 20    Spells: 10/10 levels left

rFire    + . .     SeeInvis +   G - +1 lajatang (venom)
rCold    + . .     Faith    +   z - +2 kite shield {reflect}
rNeg     + + +     Spirit   .   q - +2 ring mail "Aliorif" {Dex+5 SInv}
rPois    .         Reflect  +   (helmet unavailable)
rElec    .         Harm     .   L - scarf {rC+ rF+}
rCorr    +         Rampage  .   F - +0 pair of gloves
Will     +....                  (no boots)
Stlth    +.........             t - amulet of faith
HPRegen  0.24/turn              g - ring of positive energy
MPRegen  0.12/turn              Q - ring of Asujeul {rCorr Str+7 Int-3 Dex+4 Slay+3}

@: glowing
A: permanent stasis, dig shafts and tunnels, four strong arms, antennae 3
a: Dig, Shaft Self, Renounce Religion, Divine Shield, Cleansing Flame, Summon
Divine Warrior


You were on level 2 of the Orcish Mines.
You worshipped the Shining One.
The Shining One was extremely pleased with you.
You visited 2 branches of the dungeon, and saw 12 of its levels.
You also visited: Sewer.

You collected 1133 gold pieces.
You spent 1042 gold pieces at shops.

Inventory:

Hand Weapons
 a - a +1 halberd
 A - a +0 shortbow
 G - a +1 lajatang of venom (weapon)
Missiles
 c - 44 sling bullets
 d - 7 silver boomerangs
 i - 163 arrows
 k - 99 bolts
 m - 18 boomerangs (quivered)
 p - 386 stones
 s - 28 poisoned darts
 x - 2 throwing nets
 I - 3 javelins
Armour
 q - the +2 ring mail "Aliorif" (worn) {Dex+5 SInv}
   (You found it on level 4 of the Dungeon)

   It affects your dexterity (+5).
   It lets you see invisible.
 r - a +0 cloak
 z - a +2 kite shield of reflection (worn)
 F - a +0 pair of gloves (worn)
 L - a scarf of resistance (worn)
Jewellery
 b - an uncursed ring of fire
 g - a ring of positive energy (left hand)
 j - an uncursed ring of flight
 o - an uncursed ring of willpower {unknown}
 t - an amulet of faith (around neck)
 E - a cursed -4 ring of strength {unknown}
 Q - the ring of Asujeul (right hand) {rCorr Str+7 Int-3 Dex+4 Slay+3}
   (You acquired it on level 2 of the Orcish Mines)

   [ring of resist corrosion]

   It affects your strength (+7).
   It affects your intelligence (-3).
   It affects your dexterity (+4).
   It affects your accuracy and damage with ranged weapons and melee attacks
   (+3).
   It provides partial protection from all sources of acid and corrosion.
Wands
 y - a wand of enslavement (4)
 B - a wand of acid (9)
 H - a wand of polymorph (9)
Scrolls
 e - 6 scrolls of remove curse
 h - 2 scrolls of magic mapping
 u - 3 scrolls of fear
 v - a scroll of amnesia
 K - 3 scrolls of identify
 O - a scroll of noise {unknown}
 P - a scroll of enchant armour
Potions
 f - 3 potions of lignification
 l - a potion of heal wounds {unknown}
 n - 6 potions of flight
 w - 2 potions of curing
 C - a potion of brilliance
 J - a potion of cancellation {unknown}
 N - a potion of ambrosia {unknown}
Miscellaneous
 M - a tin of tremorstones (2/2)


   Skills:
 + Level 7.6 Fighting
 + Level 3.5(7.2) Axes
 + Level 9.9(11.0) Polearms
 + Level 6.7(9.3) Staves
 + Level 0.6 Throwing
 + Level 6.5 Armour
 + Level 5.0 Dodging
 + Level 3.4 Stealth
 + Level 10.0 Shields
 + Level 0.2 Evocations


You had 10 spell levels left.
You didn't know any spells.
Your spell library contained the following spells:

 Spells                   Type           Power        Failure   Level
 Corona                   Hex            0%           58%         1
 Slow                     Hex            0%           73%         2
 Inner Flame              Hex/Fire       0%           91%         3
 Portal Projectile        Hex/Tloc       0%           91%         3
 Cause Fear               Hex            0%           100%        4
 Leda's Liquefaction      Hex/Erth       0%           100%        4


Dungeon Overview and Level Annotations

Branches:
Dungeon (10/15)            Temple (0/1) D:6            Lair (0/6) D:10
    Orc (2/2) D:10            Elf (0/3) Orc:2         Sewer (visited)

Altars:
Ashenzari
Elyvilon
Gozag
Hepliaklqana
Makhleb
Sif Muna
Trog
Uskayaw
Wu Jian
The Shining One
Beogh

Shops:
D:5 [   Orc:2 ?


Innate Abilities, Weirdness & Mutations

You cannot be hasted, slowed, berserked, paralysed or teleported.
You can dig through walls and to a lower floor.
Your four strong arms can wield two-handed weapons with a shield.
You have a pair of large antennae on your head. (SInv)


Message History

You slash the orc knight!
The orc knight is poisoned.
The orc knight is lightly wounded.
The orc knight hits you with a +0 war axe.
You hit the orc knight.
The orc knight looks as sick as possible!
The orc knight is lightly wounded.
The orc knight hits you with a +0 war axe!
* * * LOW HITPOINT WARNING * * *
You hit the orc knight.
The orc knight looks as sick as possible!
The orc knight is moderately wounded.
You block the orc knight's attack.
You slash the orc knight!
The orc knight looks as sick as possible!
The orc knight is heavily wounded.
You slash the orc knight!
The orc knight looks as sick as possible!
The orc knight is severely wounded.
The orc knight hits you with a +0 war axe!!
You die...

........#.#................#.##
......##...#...........)).....#
....###.....#.........))[)....#
....#
..#.#......)..).).........
...##
..................$....... .###
...#.##.....)............ .##
###.................#. ..##
##...(................ ...###
#....o@..............# .....##
#.....#####............ ......#
....## .$.......... ......##
...# ##........ .......# ... {
###.. .......# # { {{ .
......## {{ {{ .....#.##
.#'#....#


You could see an orc knight (extremely poisoned).

Vanquished Creatures
  2 two-headed ogres
  2 orc knights (Orc:2)
  2 orc sorcerers (Orc:2)
  The ghost of chaostorm the Digger, a novice GrEE (D:4)
  A wraith (D:10)
  Eustachio (D:6)
  A warg (Orc:2)
  An ice beast (D:4)
  13 orc warriors
  2 sky beasts
  2 black bears (D:10)
  5 phantoms
  4 centaurs
  A necrophage (D:9)
  6 ogres
  7 bullfrogs
  2 big kobolds
  3 scorpions
  11 killer bees
  14 wights
  A howler monkey (D:10)
  A bullfrog zombie (D:7)
  14 orc priests
  Crazy Yiuf (D:6)
  2 hounds
  2 iguanas
  A jelly (D:7)
  15 orc wizards
  3 bullfrog skeletons
  Jessica (D:3)
  Terence (D:2)
  4 worker ants
  A killer bee zombie (D:9)
  2 hound skeletons
  17 adders
  8 gnolls (D:3)
  2 river rats (Sewer)
  2 hound simulacra (D:4)
  2 shadow imps
  3 white imps
  A worker ant simulacrum (D:4)
  2 ufetubi (D:9)
  An ooze (D:1)
  2 adder zombies
  2 worms
  2 adder simulacra (D:4)
  5 dart slugs
  4 leopard geckos
  61 orcs
  2 ball pythons
  5 giant cockroaches
  8 goblins
  7 hobgoblins
  5 jackals
  15 kobolds
  3 quokkas
  8 bats
  3 frilled lizards
  A leopard gecko simulacrum (D:4)
  A quokka zombie (D:7)
  12 rats
314 creatures vanquished.

Vanquished Creatures (others)
  13 fungi (D:10)
  25 plants
38 creatures vanquished.

Grand Total: 352 creatures vanquished

Notes
Turn   | Place    | Note
-------+----------+-------------------------------------------
     0 | D:1      | raphaelitos the Formicid Fighter began the quest for the
                  | Orb.
     0 | D:1      | Reached XP level 1. HP: 18/18 MP: 1/1
   209 | D:1      | Reached skill level 4 in Shields
   209 | D:1      | Reached XP level 2. HP: 24/24 MP: 2/2
   328 | D:1      | Found a glowing golden altar of the Shining One.
   335 | D:1      | Became a worshipper of the Shining One
   955 | D:2      | Reached XP level 3. HP: 25/29 MP: 3/3
  1358 | D:2      | Noticed Terence
  1380 | D:2      | Killed Terence
  1381 | D:2      | Reached XP level 4. HP: 23/37 MP: 4/4
  1965 | D:3      | Reached skill level 1 in Dodging
  2003 | D:3      | Reached XP level 5. HP: 25/42 MP: 5/5
  2205 | D:3      | Noticed Jessica
  2209 | D:3      | Killed Jessica
  2249 | D:3      | Reached skill level 5 in Shields
  2342 | D:3      | Reached XP level 6. HP: 10/48 MP: 6/6
  3400 | D:4      | Noticed a phantom
  3430 | D:4      | Killed a phantom
  3431 | D:4      | Reached skill level 1 in Polearms
  3511 | D:4      | Reached XP level 7. HP: 52/53 MP: 7/7
  3523 | D:4      | Reached * piety under the Shining One
  3569 | D:4      | Noticed chaostorm's ghost (novice GrEE)
  3596 | D:4      | Found a runed translucent gate.
  3596 | D:4      | Found a runed translucent gate.
  3596 | D:4      | Found a runed translucent gate.
  3638 | D:4      | Reached skill level 6 in Shields
  3866 | D:4      | Reached ** piety under the Shining One
  3961 | D:4      | Found a burning altar of Makhleb.
  3964 | D:4      | Found a hide-covered altar of Uskayaw.
  3968 | D:4      | Found an ornate altar of the Wu Jian Council.
  4033 | D:4      | Got an ancient ring mail
  4410 | D:4      | Identified the +2 ring mail "Aliorif" {Dex+5 SInv} (You
                  | found it on level 4 of the Dungeon)
  4720 | D:4      | Reached XP level 8. HP: 61/61 MP: 8/8
  4721 | D:4      | Reached skill level 1 in Stealth
  4765 | D:4      | Killed chaostorm's ghost
  4766 | D:4      | Reached skill level 5 in Polearms
  4766 | D:4      | Reached skill level 5 in Armour
  4843 | D:5      | Entered Level 5 of the Dungeon
  5243 | D:5      | Found Antiym's Antique Armour Shoppe.
  5318 | D:5      | Bought a runed kite shield for 217 gold pieces
  5416 | D:5      | Reached XP level 9. HP: 67/67 MP: 9/9
  5491 | D:5      | Found a hazy altar of Hepliaklqana.
  5606 | D:6      | Reached *** piety under the Shining One
  5617 | D:6      | Reached skill level 5 in Fighting
  5660 | D:6      | Found a staircase to the Ecumenical Temple.
  5718 | D:6      | Noticed Eustachio
  5739 | D:6      | Killed Eustachio
  5740 | D:6      | Reached skill level 7 in Shields
  5763 | D:6      | Found a glowing drain.
  5773 | Sewer    | Entered a sewer
  5925 | Sewer    | Found a white marble altar of Elyvilon.
  6276 | D:6      | Found a runed translucent door.
  6277 | D:6      | Noticed Crazy Yiuf
  6379 | D:6      | Found a white marble altar of Elyvilon.
  6379 | D:6      | Found a bloodstained altar of Trog.
  6587 | D:6      | Found a broken altar of Ashenzari.
  6818 | D:6      | Killed Crazy Yiuf
  7049 | D:7      | Reached **** piety under the Shining One
  7207 | D:7      | HP: 3/69 [killer bee (8)]
  7230 | D:7      | Reached XP level 10. HP: 48/76 MP: 10/10
  7231 | D:7      | Reached skill level 8 in Shields
  8200 | D:8      | Noticed a two-headed ogre
  8212 | D:8      | Killed a two-headed ogre
  8786 | D:8      | Reached skill level 9 in Shields
  9202 | D:9      | Reached ***** piety under the Shining One
  9306 | D:9      | Noticed a two-headed ogre
  9314 | D:9      | Killed a two-headed ogre
  9631 | D:9      | Found a shimmering blue altar of Sif Muna.
  9710 | D:9      | Reached skill level 1 in Staves
  9770 | D:9      | Reached XP level 11. HP: 83/83 MP: 11/11
  9819 | D:9      | Found an opulent altar of Gozag.
  9885 | D:10     | Entered Level 10 of the Dungeon
 10275 | D:10     | Found a staircase to the Orcish Mines.
 10630 | D:10     | Found a roughly hewn altar of Beogh.
 10844 | D:10     | Found a staircase to the Lair.
 10939 | Orc:1    | Entered Level 1 of the Orcish Mines
 10994 | Orc:1    | Reached skill level 5 in Staves
 11078 | Orc:1    | You fall into a shaft and drop 1 floor!
 11078 | Orc:2    | Entered Level 2 of the Orcish Mines
 11115 | Orc:2    | Noticed an orc sorcerer
 11123 | Orc:2    | Killed an orc sorcerer
 11422 | Orc:2    | Found Iteem's Magic Scroll Emporium.
 11425 | Orc:2    | Bought a scroll of identify for 26 gold pieces
 11425 | Orc:2    | Bought a scroll of identify for 26 gold pieces
 11425 | Orc:2    | Bought a scroll of enchant armour for 97 gold pieces
 11425 | Orc:2    | Bought a scroll of acquirement for 676 gold pieces
 11425 | Orc:2    | Acquired the ring of Asujeul {rCorr Str+7 Int-3 Dex+4
                  | Slay+3}
 11462 | Orc:2    | Found a staircase to the Elven Halls.
 11718 | Orc:2    | Noticed an orc knight
 11723 | Orc:2    | Killed an orc knight
 11744 | Orc:2    | Noticed an orc sorcerer
 11751 | Orc:2    | Killed an orc sorcerer
 11752 | Orc:2    | Reached skill level 5 in Dodging
 11752 | Orc:2    | Reached skill level 10 in Shields
 11769 | Orc:2    | Noticed an orc knight
 11778 | Orc:2    | Killed an orc knight
 11813 | Orc:2    | Noticed an orc knight
 11825 | Orc:2    | Slain by an orc knight

Illustrated notes

Levels and vault maps discovered:
D:1:      matt_arrival_spirals, layout_basic, chequers_serial_rivers_room_b,
          supply_closet_lemuel, tso_altar
D:2:      layout_basic, uniq_terence
D:3:      layout_basic, minmay_vboxes, uniq_jessica
D:4:      layout_basic, grunt_temple_overflow_diamond, gammafunk_ghost_icy
D:5:      layout_basic, kennysheep_little_box, serial_shops,
          nicolae_shop_overgrown_old_shop
D:6:      layout_loops_ring, marbit_many_paths,
          chequers_temple_overflow_statue_of_worship, minmay_temple_entry_trees,
          lightli_sewer_entry_pipes, uniq_eustachio, uniq_crazy_yiuf_cottage
D:7:      layout_basic
D:8:      layout_layer_cave
D:9:      layout_basic, general_overflow_altar, lemuel_coloured_pillars_altar
D:10:     layout_rooms, grunt_lair_entry_orc_guard_hut,
          minmay_orc_entry_temple_large
Orc:1:    cheibrodos_orc_bank, layout_caves, minmay_orc_treasury
Orc:2:    grunt_orc_tribal_feast, layout_diamond_mine, serial_shops,
          nicolae_shop_behind_doors

Skill      XL: |  1  2  3  4  5  6  7  8  9 10 11 |
---------------+----------------------------------+-----
Shields        | 4 5 6 7 9 10 | 10.0
Armour         | 4 5 6 |  6.5
Dodging        | 1 2 3 4 5 |  5.0
Axes           | 3 |  3.5
Polearms       | 1 3 6 8 9 |  9.9
Fighting       | 4 5 6 7 |  7.6
Stealth        | 1 2 3 |  3.4
Staves         | 1 6 |  6.7
Throwing       | |  0.6
Evocations     | |  0.2

Action                   |  1- 3 |  4- 6 |  7- 9 | 10-12 || total
-------------------------+-------+-------+-------+-------++-------
Melee: War axe           |    92 |    67 |       |       ||   159
       Halberd           |       |    91 |   346 |   139 ||   576
       Lajatang          |       |       |       |   226 ||   226
Throw: Boomerang         |       |       |    10 |       ||    10
 Abil: Dig               |     1 |     2 |       |       ||     3
       Evoke Flight      |       |       |     1 |       ||     1
  Use: Scroll            |     5 |     7 |     8 |     6 ||    26
       Potion            |       |       |     9 |     2 ||    11
Armor: Scale mail        |    33 |    71 |    13 |       ||   117
       Ring mail         |       |       |    60 |    85 ||   145
Dodge: Dodged            |    32 |    69 |   122 |   176 ||   399
Block: Kite shield       |    48 |   129 |   255 |   308 ||   740
       Reflection        |       |       |       |    13 ||    13
